 Dungeon Crawl Stone Soup version bcrawl-1.12-10-g10a67aac0f (webtiles) character file.

Game seed: 5535950877918225893

60 MisterOstroum the Sneak (level 3, -2/24 HPs)
             Began as a Vampire Rogue on June 12, 2019.
             Killed from afar by Robin (11 damage)
             ... with a wand of flame (19)
             ... on level 1 of the Dungeon.
             The game lasted 00:04:03 (1750 turns).

MisterOstroum the Sneak (Vampire Rogue)             Turns: 1750, Time: 00:04:03

Health: -2/24      AC:  3    Str: 14    XL:     3   Next: 82%
Magic:  4/4        EV: 11    Int: 11    God:
Gold:   51         SH:  0    Dex: 15    Spells: 2/2 levels left

rFire    . . .     SeeInvis +   a - +2 dagger
rCold    . . .     Gourm    .   (no shield)
rNeg     . . .     Faith    .   c - +0 robe
rPois    .         Spirit   .   (no helmet)
rElec    .         Reflect  .   d - +0 cloak
rCorr    .         Harm     .   (no gloves)
MR       .....                  (no boots)
Stlth    +++.......             (no amulet)
HPRegen  0.26/turn              (no ring)
MPRegen  0.09/turn              (no ring)

@: regenerating quickly
A: claws 1, fangs 3, see invisible, unbreathing
a: Bat Form


You were on level 1 of the Dungeon.
You were almost alive.

You visited 1 branch of the dungeon, and saw 2 of its levels.

You collected 51 gold pieces.

Inventory:

Hand Weapons
 a - a +2 dagger (weapon)
 b - a +0 blowgun
Missiles
 h - 63 poisoned needles
Armour
 c - a +0 robe (worn)
 d - a +0 cloak (worn)
Wands
 f - a wand of flame (15)
 g - a wand of enslavement (15)
Scrolls
 i - 3 scrolls of teleportation {unknown}
 j - 2 scrolls of amnesia {unknown}
 k - a scroll of identify {unknown}
 m - 2 scrolls of blinking {unknown}
 n - a scroll of immolation {unknown}
 o - a scroll of fog {unknown}
Potions
 e - 7 potions of blood
 l - a potion of lignification {unknown}


   Skills:
 * Level 0.2 Fighting
 - Level 5.0 Short Blades
 - Level 1.5 Throwing
 + Level 0.1 Dodging
 + Level 6.4 Stealth
 - Level 2.0 Evocations


You had 2 spell levels left.
You didn't know any spells.
Your spell library was empty.

Dungeon Overview and Level Annotations

Branches:
Dungeon (2/12)

Altars:
Yredelemnul

Annotations:
D:1 Robin


Innate Abilities, Weirdness & Mutations

Your natural rate of healing is unusually fast.
You have sharp fingernails.
You have razor-sharp teeth.
You have supernaturally acute eyesight. (SInv)
You can survive without breathing.


Message History

No target in view!
You see here a goblin corpse.
Drink blood from a goblin corpse? (ye/n/q) This warm blood tastes delicious!
You feel a lot more full.
You see here a goblin skeleton.
Things that are here:
a +0 club; a goblin corpse Drink blood from a goblin corpse? (ye/n/q) This warm blood tastes delicious!
You see here a goblin skeleton.
Things that are here:
a +0 club; a hobgoblin corpse You're too full to drain anything.
You're too full to drain anything.
You see here a goblin skeleton.
You see here a +0 club.
What are your orders? t - Shout!
Orders for allies: a - Attack new target. r - Retreat! s - Stop attacking. g - Guard the area. f - Follow me.
Anything else - Cancel.
You shout for attention!
You hear a shout!
What are your orders? t - Shout!
Orders for allies: a - Attack new target. r - Retreat! s - Stop attacking. g - Guard the area. f - Follow me.
Anything else - Cancel.
You shout for attention!
You hear a shout! x2
A goblin comes into view. It is wielding a +0 club.
What are your orders? t - Shout!
Orders for allies: a - Attack new target. r - Retreat! s - Stop attacking. g - Guard the area. f - Follow me.
Anything else - Cancel.
You shout for attention!
The goblin hits you with a +0 club.
You see here a +0 club.
You see here a goblin skeleton.
Things that are here:
a +0 club; a hobgoblin corpse
There is a stone staircase leading up here.
You barely miss the goblin. You barely miss the goblin.
The goblin hits you but does no damage.
You hit the goblin.
You kill the goblin!
The goblin hits you with a +0 club.
Robin roars a battlecry!
The goblins go into a battle-frenzy!
Items here: )) †† a +0 club x2; a goblin corpse; a hobgoblin corpse You hit the goblin but do no damage.
The goblin closely misses you.
Robin roars a battlecry!
Something unseen opens the door.
There is a stone staircase leading up here.
You hit the goblin.
You kill the goblin!
A goblin comes into view.
Firing (i - inventory) No suitable missiles.
Press: ? - help, Shift-Dir - straight line, f - goblin
Aim: a goblin, wielding a +0 dagger (unusually strong)
Okay, then.
Unknown command.
You hit the goblin.
You kill the goblin!
Unknown command.
Unknown command.
Robin roars a battlecry!
The goblin goes into a battle-frenzy!
Items here: )))) †† Robin laughs in a distinctly smug fashion.
Robin zaps a wand.
The puff of flame misses you.
There is a stone staircase leading up here.
Robin misses you.
Items here: )))) †† You barely miss Robin.
Robin hits you with a +0 whip.
You hit Robin but do no damage. Robin throws the goblin at you!
The goblin hits you.
You are too injured to fight recklessly!
You are too injured to fight recklessly!
You closely miss the goblin. Your bite misses the goblin.
Robin hits you but does no damage.
You hit the goblin.
You kill the goblin!
There is a stone staircase leading up here.
You see here a goblin corpse.
You hit Robin.
Robin is lightly wounded.
Robin hits you with a +0 whip.
You are too injured to fight recklessly!
You are too injured to fight recklessly!
Robin hits you with a +0 whip.
* * * LOW HITPOINT WARNING * * *
You climb upwards.
There is a stone staircase leading down here.
Robin zaps a wand.
The puff of flame misses you.
Robin zaps a wand.
The puff of flame hits you!
You die...

############
...........# #####
###.#..###.#########...#
###.#...........@....#.#
##.....###.#...#####g..#
##..#..###......#
##...#####
...........#...##
#.#......#
......[######.##
##(#.###.# ##.##### #.#
##.####.#### .......#
#.# ###.......# .#.###.#
##'## #.##.##.# .#.# #.#
##...## #.##.##.#


You could see Robin.

Vanquished Creatures
  2 worms
  2 dart slugs (D:1)
  2 leopard geckos (D:1)
  A ball python (D:1)
  2 bats (D:1)
  2 giant cockroaches (D:1)
  8 goblins
  5 hobgoblins
  9 jackals
  3 kobolds (D:1)
  2 frilled lizards (D:1)
  4 rats
42 creatures vanquished.

Notes
Turn   | Place    | Note
-------+----------+-------------------------------------------
     0 | D:1      | MisterOstroum the Vampire Rogue began the quest for the
                  | Orb.
     0 | D:1      | Reached XP level 1. HP: 13/13 MP: 2/2
   180 | D:1      | Reached XP level 2. HP: 13/19 MP: 3/3
   817 | D:1      | Reached XP level 3. HP: 24/24 MP: 4/4
  1442 | D:2      | Noticed Robin
  1453 | D:2      | Found a basalt altar of Yredelemnul.
  1692 | D:2      | Reached skill level 5 in Short Blades
  1750 | D:1      | Killed from afar by Robin

Skill      XL: |  1  2  3 |
---------------+----------+-----
Short Blades   | 3 4 5 |  5.0
Fighting       | |  0.2
Throwing       | |  1.5
Dodging        | |  0.1
Stealth        | |  6.4
Evocations     | |  2.0

Action                   || total
-------------------------++-------
Melee: Dagger            ||    92
       Bite              ||     9
       Unarmed           ||    16
 Fire: Blowgun           ||    17
 Abil: End Transformatio ||     2
       Bat Form          ||     2
  Use: Potion            ||     7
 Stab: Sleeping          ||    15
  Eat: Corpse            ||     4
Armor: Robe              ||    17
Dodge: Dodged            ||    61
